 Dungeon Crawl Stone Soup version 0.21.1-1-g345015f (webtiles) character file.

1040 nightchill the Chopper (level 8, 0/65 HPs)
             Began as a Formicid Fighter on Mar 27, 2018.
             Was a Follower of Nemelex Xobeh.
             Slain by a phantom (7 damage)
             ... on level 6 of the Dungeon.
             The game lasted 00:18:09 (6107 turns).

nightchill the Chopper (Formicid Fighter)           Turns: 6107, Time: 00:18:10

Health: 0/65       AC: 11    Str: 23    XL:     8   Next: 49%
Magic:  11/11      EV:  4    Int:  8    God:    Nemelex Xobeh [*.....]
Gold:   283        SH:  9    Dex: 10    Spells: 7/7 levels left

rFire    . . .     SeeInvis +   a - +1 war axe
rCold    . . .     Gourm    .   c - +0 shield
rNeg     . . .     Faith    .   e - +0 plate armour
rPois    .         Spirit   .   (helmet unavailable)
rElec    .         Reflect  .   (no cloak)
rCorr    .         Harm     .   (no gloves)
MR       .....                  (no boots)
Stlth    ..........             (no amulet)
HPRegen  0.20/turn              (no ring)
MPRegen  0.12/turn              (no ring)

@: no status effects
A: permanent stasis, dig shafts and tunnels, four strong arms, antennae 3
a: Dig, Shaft Self, Renounce Religion


You were on level 6 of the Dungeon.
You worshipped Nemelex Xobeh.
Nemelex Xobeh was aware of your devotion.
You were very hungry.

You visited 1 branch of the dungeon, and saw 6 of its levels.

You collected 283 gold pieces.

Inventory:

Hand Weapons
 a - a +1 war axe (weapon)
 p - a +0 morningstar
Missiles
 h - 260 stones (quivered)
 j - 6 tomahawks
Armour
 b - a +0 scale mail
 c - a +0 shield (worn)
 e - a +0 plate armour (worn)
Wands
 q - a wand of polymorph (9)
Scrolls
 g - 3 scrolls of fog
 o - 3 scrolls of remove curse
 t - a scroll of immolation {unknown}
 w - 3 scrolls of identify
 x - a scroll of amnesia {unknown}
Potions
 d - 2 potions of agility
 i - a potion of flight
 k - a potion of degeneration {unknown}
 m - 2 potions of cancellation
 n - a potion of lignification {unknown}
 r - a potion of ambrosia {unknown}
 v - a potion of curing
Miscellaneous
 l - an ornate deck of escape {drawn: 4}
 s - a plain deck of summoning {drawn: 1}
Comestibles
 f - 10 rations


   Skills:
 + Level 6.3 Fighting
 * Level 7.0 Axes
 - Level 3.3 Armour
 - Level 3.7 Shields
 + Level 4.6 Invocations


You had 7 spell levels left.
You didn't know any spells.

Dungeon Overview and Level Annotations

Branches:
Dungeon (6/15)
 Temple: D:4-7

Altars:
Fedhas
Gozag
Makhleb
Nemelex Xobeh
Sif Muna

Annotations:
D:4 exclusion: oklob plant


Innate Abilities, Weirdness & Mutations

You cannot be hasted, slowed, berserked, paralysed or teleported.
You can dig through walls and to a lower floor.
Your four strong arms can wield two-handed weapons with a shield.
You have a pair of large antennae on your head. (SInv)


Message History

The phantom hits you but does no damage.
Evoke which item? (* to show all) (? for menu, Esc to quit)
You draw a card...
It is the Cloud.
Nothing appears to happen.
You block the orc's attack.
The phantom blinks!
Evoke which item? (* to show all) (? for menu, Esc to quit)
You draw a card...
It is the Tomb.
Walls emerge from the floor!
The orc hits you but does no damage.
You extend your mandibles.
You dig through the rock wall.
The walls disappear prematurely!
You block the orc's attack.
You dig through the rock wall.
You are feeling very hungry.
You retract your mandibles.
You slash the orc!
You kill the orc!
The phantom blinks!
Evoke which item? (* to show all) (? for menu, Esc to quit)
You draw a card...
It is Velocity.
The phantom is moving somewhat quickly.
The phantom hits you!
You die...
Your body disappears without a glow.

###########.##
#..(ยง..o{{{...
#####W###o#####.#.
#.....# ##@#
#.##### #.W.# #.#
#...... #.#
#...#### #.# ##.##
#.# .# ####.####
.# # #.......# .#
#.##.##.##.#


You could see a phantom and an orc.

Vanquished Creatures
  An orc warrior (D:6)
  An ogre (D:5)
  The ghost of Kairos the Cudgeler, an amateur GrGl of Okawaru (D:3)
  2 scorpions (D:5)
  A water moccasin skeleton (D:4)
  A howler monkey (D:5)
  A jelly (D:5)
  3 orc priests
  2 hounds
  3 orc wizards
  2 worker ants
  5 adders
  7 gnolls
  An ooze (D:4)
  An adder zombie (D:5)
  4 worms
  3 dart slugs
  5 leopard geckos
  17 orcs
  4 giant cockroaches
  5 goblins
  9 hobgoblins
  9 jackals
  10 kobolds
  7 quokkas
  4 bats
  5 frilled lizards (D:1)
  4 rats
118 creatures vanquished.

Vanquished Creatures (collateral kills)
  A phantom (D:4)
  A hound skeleton (D:4)
  A leopard gecko (D:4)
3 creatures vanquished.

Vanquished Creatures (others)
  An octopode (D:1)
  2 gargoyles (D:1)
  An elf (D:1)
  A vampire (D:1)
  A human (D:1)
  2 nagas (D:1)
  A dwarf (D:1)
  An ogre (D:1)
  2 orcs (D:1)
  5 tentacles (D:1)
  13 toadstools (D:4)
30 creatures vanquished.

Grand Total: 151 creatures vanquished

Notes
Turn   | Place    | Note
-------+----------+-------------------------------------------
     0 | D:1      | nightchill the Formicid Fighter began the quest for the Orb.
     0 | D:1      | Reached XP level 1. HP: 18/18 MP: 1/1
     0 | D:1      | Noticed an ogre
     0 | D:1      | Noticed a naga
     0 | D:1      | Noticed an elf
     0 | D:1      | Noticed a gargoyle
     0 | D:1      | Noticed a naga
     0 | D:1      | Noticed a dwarf
     0 | D:1      | Noticed a kraken
     0 | D:1      | Noticed a human
     0 | D:1      | Noticed a gargoyle
     0 | D:1      | Noticed an octopode
     0 | D:1      | Noticed a vampire
     4 | D:1      | Killed a gargoyle
     4 | D:1      | Killed a vampire
     4 | D:1      | Killed an elf
     7 | D:1      | Killed a gargoyle
     8 | D:1      | Killed a dwarf
     8 | D:1      | Killed a human
     8 | D:1      | Killed an ogre
     9 | D:1      | Killed a naga
    10 | D:1      | Killed an octopode
    10 | D:1      | Killed a naga
    65 | D:1      | Reached XP level 2. HP: 17/24 MP: 2/2
   478 | D:1      | Reached XP level 3. HP: 13/29 MP: 3/3
   845 | D:1      | Reached skill level 3 in Axes
  1386 | D:2      | Found an opulent altar of Gozag.
  1480 | D:2      | Found a sparkling altar of Nemelex Xobeh.
  1602 | D:2      | Reached XP level 4. HP: 37/37 MP: 4/4
  2069 | D:2      | Became a worshipper of Nemelex Xobeh the Trickster
  2327 | D:3      | Reached skill level 4 in Axes
  2327 | D:3      | Reached XP level 5. HP: 23/42 MP: 5/5
  2641 | D:3      | Received a gift from Nemelex Xobeh
  2698 | D:3      | Noticed Kairos's ghost (amateur GrGl)
  2711 | D:3      | Killed Kairos's ghost
  2711 | D:3      | Reached skill level 1 in Invocations
  2711 | D:3      | Reached XP level 6. HP: 20/49 MP: 5/7
  3356 | D:3      | Reached skill level 5 in Fighting
  3821 | D:4      | Reached skill level 5 in Axes
  3986 | D:4      | Reached XP level 7. HP: 15/56 MP: 7/9
  4255 | D:4      | Found a deep blue altar of Sif Muna.
  4632 | D:4      | Found a burning altar of Makhleb.
  4674 | D:4      | Reached * piety under Nemelex Xobeh
  4720 | D:4      | Found a blossoming altar of Fedhas.
  4730 | D:4      | Noticed an oklob plant
  4920 | D:5      | Entered Level 5 of the Dungeon
  5027 | D:5      | Received a gift from Nemelex Xobeh
  5064 | D:5      | Reached skill level 6 in Axes
  5075 | D:5      | Reached XP level 8. HP: 5/64 MP: 10/10
  6096 | D:6      | Reached skill level 7 in Axes
  6107 | D:6      | Slain by a phantom

Skill      XL: |  1  2  3  4  5  6  7  8 |
---------------+-------------------------+-----
Axes           | 3 4 5 6 7 |  7.0
Fighting       | 4 5 6 |  6.3
Invocations    | 1 2 3 4 |  4.6
Armour         | |  3.3
Shields        | |  3.7

Action                   |  1- 3 |  4- 6 |  7- 9 || total
-------------------------+-------+-------+-------++-------
Melee: War axe           |   104 |   181 |   154 ||   439
 Abil: Dig               |       |     3 |     2 ||     5
Evoke: Deck              |       |       |     5 ||     5
  Use: Potion            |       |     1 |     1 ||     2
       Scroll            |       |       |     8 ||     8
 Stab: Petrified         |       |       |     2 ||     2
  Eat: Chunk             |     2 |     8 |     7 ||    17
Armor: Scale mail        |    53 |    60 |    24 ||   137
       Plate armour      |       |       |    55 ||    55
Dodge: Dodged            |    33 |    60 |    27 ||   120
Block: Shield            |    58 |    98 |    68 ||   224
